cohdb
Replays
Latest Replays
All Replays
Popular Replays
Top Player Replays
Match Explorer
How It Works
Community
CoH3 Stats
Reddit
Sign in to upload your games and track your stats! →
Sign in with Steam
Match 42334243
Unlisted
Match 42334243
Overview
Messages
Build Orders
End
Construct Section Command Post
Vickers Machine Gun Team
Infantry Section
Selects Heavy Armor Battlegroup
Selects Heavy Armor Battlegroup
Infantry Section
Infantry Section
Construct Platoon Command Post
CMP 15cwt Truck
Selects Light Vehicle Withdraw and Refit
Selects Radio Net
6-pounder Anti-tank Gun Team
Construct Company Command Post
Forward Retreat Point
Matilda II Heavy Tank
Selects Recon Artillery
Recon Artillery
CMP 15cwt Truck
Recon Artillery
Sponge Bob
人老打不动游戏了
bl4ckjack
rune41
Kylen
runningDuck
Skibidi Rizzler
hooveric
0
0
Comments
sign in to comment!
No comments posted yet!